 Dungeon Crawl Stone Soup version 0.31-a0-868-g674d60d6f7 (webtiles) character file.

Game seed: 1028092651662911847

364 LeprechaunX the Changeling (level 6, -10/41 HPs)
             Began as an Octopode Shapeshifter on Oct 11, 2023.
             Was a Believer of Wu Jian.
             Mangled by an ogre
             ... wielding a +0 giant club
              (20 damage)
             ... on level 4 of the Dungeon.
             The game lasted 00:03:03 (3026 turns).

LeprechaunX the Changeling (Octopode Shapeshifter)  Turns: 3026, Time: 00:03:04

Health: -10/41     AC:  1    Str: 15    XL:     6   Next: 67%
Magic:  6/6        EV: 14    Int: 12    God:    Wu Jian [**....]
Gold:   210        SH:  0    Dex: 12    Spells: 5/5 levels left

rFire   . .          .
                       - Unarmed
rCold   + . .        (no shield)
rNeg    . . .        (helmet currently unavailable)
rPois   .            (no amulet)
rElec   .            t - ring of protection from cold
rCorr   .            (no ring)
SInv    .            (no ring)
Will    .....        (no ring)
Stlth   ++           (no ring)
HPRegen 0.26/turn    (no ring)
MPRegen 0.10/turn    (no ring)
                     (no ring)

%: no passive effects
@: beast-form
A: beast (slay +2), almost no armour, amphibious, 8 rings, camouflage 1,
gelatinous body 1, (nimble swimmer 1), tentacles
a: Begin Untransformation, Renounce Religion, Wall Jump


You were on level 4 of the Dungeon.
You worshipped Wu Jian.
Wu Jian was pleased with you.
You were a hulking beast.
You visited 1 branch of the dungeon, and saw 4 of its levels.

You collected 210 gold pieces.

Inventory:

Jewellery
 t - a ring of protection from cold (left tentacle)
Talismans
 b - a beast talisman (active)
 c - a flux talisman
 j - a maw talisman
Scrolls
 h - 4 scrolls of blinking {unknown}
 k - a scroll of noise {unknown}
 l - a scroll of amnesia {unknown}
 m - a scroll of vulnerability {unknown}
 n - a scroll of teleportation {unknown}
 o - 3 scrolls of immolation {unknown}
 p - a scroll of poison {unknown}
 r - 2 scrolls of identify {unknown}
 s - a scroll of revelation {unknown}
Potions
 a - 2 potions of lignification
 d - a potion of degeneration {unknown}
 e - 3 potions of curing {unknown}
 f - a potion of magic {unknown}
 g - a potion of might {unknown}
 i - 2 potions of heal wounds {unknown}
 q - a potion of ambrosia {unknown}


   Skills:
 + Level 2.9 Fighting
 + Level 3.5 Dodging
 + Level 4.1 Unarmed Combat
 * Level 4.8 Shapeshifting


You had 5 spell levels left.
You didn't know any spells.
Your spell library contained the following spells:

 Spells                   Type           Power      Damage    Failure   Level
 Freeze                   Ice            0%         1d3       32%         1
 Cigotuvi's Dreadful Rot  Necr/Pois/Air  0%         N/A       45%         2
 Frozen Ramparts          Ice            0%         1d1       69%         3
 Hailstorm                Conj/Ice       0%         3d3       69%         3
 Ignite Poison            Fire/Tmut/Pois 0%         N/A       69%         3
 Volatile Blastmotes      Fire/Tloc      0%         2d10      69%         3
 Fulminant Prism          Conj/Hex       0%         3d5       97%         4
 Iskenderun's Mystic Bla  Conj/Tloc      0%         2d3       97%         4
 Freezing Cloud           Conj/Ice/Air   0%         6-21      100%        5


Dungeon Overview and Level Annotations

Branches:
Dungeon (4/15)
 Temple: D:4-7

Altars:
Fedhas
Wu Jian

Shops:
D:4 *


Innate Abilities, Weirdness & Mutations

You are a hulking beast.
Your limbs bulge with bestial killing power. (Slay +2)
You cannot wear most types of armour.
You are amphibious.
You can wear up to eight rings at the same time.
Your skin changes colour to match your surroundings (Stealth+).
Your rubbery body absorbs attacks. (AC +1, EV +1)
((You are camouflaged when in or above water. (Stealth+)))
You have tentacles for arms and can constrict up to eight enemies at once.


Message History

No target in view!
No target in view!
No target in view!
No target in view!
Things that are here:
a +0 mace; a +0 leather armour You now have 210 gold pieces (gained 11).
Found a dagger.
Things that are here:
a +0 dagger; a stone
There is an entrance to Gitasali's Neck Hole here.
Key pressed, stopping explore.
An ogre comes into view. It is wielding a +0 giant club.
An ogre is nearby!
An ogre is nearby!
The ogre shouts!
You tentacle-slap the ogre.
The ogre is lightly wounded.
The ogre hits you with a +0 giant club!!
Ouch! That really hurt!
* * * LOW HITPOINT WARNING * * *
You are too injured to fight recklessly!
You are too injured to fight recklessly!
You are too injured to fight recklessly!
You are too injured to fight recklessly!
You are too injured to fight recklessly!
You are too injured to fight recklessly!
You are too injured to fight recklessly!
You are too injured to fight recklessly!
You are too injured to fight recklessly!
You are too injured to fight recklessly!
You are too injured to fight recklessly!
You are too injured to fight recklessly!
You are too injured to fight recklessly!
Aiming: Wall Jump
Press: ? - help, Dir - move target You tentacle-slap the ogre.
The ogre is moderately wounded.
The ogre hits you with a +0 giant club!!
You die...

#####...#
#......#
####)..#
........#
#......#
##..#
#####...#
#####.##
#.>#
....#...#
#.# ####
#.....###
#.#
#.....#
####.##
#.....#
#.....#
#.....#
#..°..#
#....##
#.Oh..#
....##
#....°..##
###)#
#########
#.# #.#
#.# #..
###


You could see an ogre.

Vanquished Creatures
  A black bear (D:4)
  2 orc priests (D:4)
  An iguana (D:4)
  Natasha (thrice) (D:2)
  A gnoll (D:1)
  4 adders
  3 worms
  4 dart slugs
  4 orcs
  5 ball pythons
  5 endoplasms
  3 giant cockroaches
  2 goblins
  4 jackals (D:1)
  2 quokkas
  3 bats (D:3)
  6 frilled lizards
  5 kobolds
  3 rats (D:1)
61 creatures vanquished.

Notes
Turn   | Place    | Note
-------+----------+-------------------------------------------
     0 | D:1      | LeprechaunX the Octopode Shapeshifter began the quest for
                  | the Orb.
     0 | D:1      | Reached XP level 1. HP: 13/13 MP: 1/1
   149 | D:1      | Reached XP level 2. HP: 18/18 MP: 2/2
   661 | D:1      | Found a faded altar of an unknown god.
   670 | D:1      | Reached XP level 3. HP: 20/23 MP: 3/3
   674 | D:1      | Prayed at the altar of an unknown god.
   674 | D:1      | Became a worshipper of the Wu Jian Council
   674 | D:1      | Reached * piety under Wu Jian
  1156 | D:2      | Noticed Natasha
  1161 | D:2      | Killed Natasha
  1162 | D:2      | Reached XP level 4. HP: 21/29 MP: 4/4
  1235 | D:2      | Noticed Natasha
  1241 | D:2      | Killed Natasha
  1275 | D:2      | You fall into a shaft and drop 2 floors!
  1276 | D:4      | Identified the +4 long sword "Wityis" {heavy, +Blink rElec
                  | Will- Int+7}
  1379 | D:2      | Noticed Natasha
  1504 | D:2      | HP: 1/29 [Natasha (6)]
  1505 | D:2      | Killed Natasha
  1506 | D:2      | Reached XP level 5. HP: 2/34 MP: 5/5
  1854 | D:3      | Found an ornate altar of the Wu Jian Council.
  1862 | D:3      | Reached ** piety under Wu Jian
  2329 | D:3      | Found a blossoming altar of Fedhas.
  2364 | D:4      | Noticed a black bear
  2367 | D:4      | Killed a black bear
  2368 | D:4      | Reached XP level 6. HP: 36/41 MP: 6/6
  2724 | D:4      | Found Gitasali's Neck Hole.
  3026 | D:4      | Mangled by an ogre

Illustrated notes

Levels and vault maps discovered:
D:1:      sevenhm_arrival_forest_fort_small_4, layout_basic,
          dilly_ecumenical_altar_fadedgnrine
D:2:      layout_rooms, uniq_natasha
D:3:      layout_basic, mainiacjoe_overflow_alcove_1, fedhas_altar_4
D:4:      layout_basic, nicolae_shop_sticking_my_neck_out

Skill      XL: |  1  2  3  4  5 |
---------------+----------------+-----
Fighting       | 2 |  2.9
Shapeshifting  | 4 |  4.8
Dodging        | 3 |  3.5
Unarmed Combat | 4 |  4.1

Action                     |  1- 3 |  4- 6 || total
---------------------------+-------+-------++-------
  Melee: Unarmed           |    51 |    76 ||   127
         Tentacles         |     9 |    16 ||    25
         Constrict         |     9 |    17 ||    26
         Punch             |       |     3 ||     3
Ability: Lunge             |     3 |    11 ||    14
         Wall Jump         |       |     1 ||     1
   Stab: Sleeping          |    10 |     5 ||    15
 Armour: Skin              |    17 |    24 ||    41
  Dodge: Dodged            |    17 |    36 ||    53

Table legend: (Time is in decaauts)
 A = Elapsed time spent in this place.
 B = Non-inter-level travel time spent in this place.
 C = Inter-level travel time spent in this place.
 D = Time resting spent in this place.
 E = Time spent auto-exploring this place.
 F = Levels seen in this place.
 G = Mean time per level.
                   A        B        C        D        E       F      G
               +--------+--------+--------+--------+--------+-----+--------+
         Total |   3032 |   2990 |     42 |    127 |   2468 |   4 |  758.0 |
       Dungeon |   3032 |   2990 |     42 |    127 |   2468 |   4 |  758.0 |
               +--------+--------+--------+--------+--------+-----+--------+

Top non-repeatable levels by time:
     D:1: 1097 daAuts
     D:3: 721 daAuts
     D:4: 685 daAuts
     D:2: 527 daAuts
